 Dungeon Crawl Stone Soup version 0.21-a0-498-g1b60429 (webtiles) character file.

1 Goblin1989 the Insei (level 1, -1/13 HPs)
             Began as an Octopode Transmuter on Nov 24, 2017.
             Slain by a hobgoblin
             ... wielding a +0 club
              (5 damage)
             ... on level 1 of the Dungeon.
             The game lasted 00:00:22 (38 turns).

Goblin1989 the Insei (Octopode Transmuter)            Turns: 38, Time: 00:00:22

Health: -1/13      AC:  1    Str:  9    XL:     1   Next: 20%
Magic:  2/3        EV: 13    Int: 15    God:
Gold:   0          SH:  0    Dex: 12    Spells: 3/4 levels left

rFire    . . .     SeeInvis .     - Unarmed
rCold    . . .     Gourm    .   (no shield)
rNeg     . . .     Faith    .   (helmet restricted)
rPois    .         Spirit   .   (no amulet)
rElec    .         Reflect  .   (no ring)
rCorr    .         Harm     .   (no ring)
MR       .....                  (no ring)
Stlth    ++........             (no ring)
HPRegen  0.04/turn              (no ring)
MPRegen  0.08/turn              (no ring)
                                (no ring)
                                (no ring)

@: appendage (expiring)
A: almost no armour, stealthy swim, amphibious, 8 rings, constrict 8, tentacle
spike 3, camouflage 1, gelatinous body 1
a: End Transformation


You were on level 1 of the Dungeon.
You were not hungry.
One of your tentacles had a temporary spike.
You visited 1 branch of the dungeon, and saw 1 of its levels.

Inventory:

Missiles
 a - 12 arrows
Potions
 f - a potion of cancellation {unknown}
Books
 b - a book of Changes

   Spells                             Type                      Level
   a - Beastly Appendage              Transmutation                1
   b - Sticks to Snakes               Transmutation                2
   c - Spider Form                    Transmutation/Poison         3
   d - Ice Form                       Ice/Transmutation            4
   e - Blade Hands                    Transmutation                5
Comestibles
 e - a bread ration {@e1}


   Skills:
 - Level 1.0 Fighting
 - Level 2.0 Dodging
 + Level 0.2 Stealth
 * Level 3.0 Unarmed Combat
 - Level 2.0 Spellcasting
 - Level 2.0 Transmutations


You had 3 spell levels left.
You knew the following spells:

 Your Spells              Type           Power        Failure   Level  Hunger
a - Beastly Appendage     Tmut           #.....       10%         1    #......


Dungeon Overview and Level Annotations

Branches:
Dungeon (1/15)

Altars:


Innate Abilities, Weirdness & Mutations

You cannot wear most types of armour.
You are very stealthy in the water. (Stealth+)
You are amphibious.
You can wear up to eight rings at the same time.
You can use your tentacles to constrict eight enemies at once.
Your skin changes colour to match your surroundings (Stealth+).
Your rubbery body absorbs attacks. (AC +1, EV +1)
One of your tentacles bears a large vicious spike.


Message History

e - a bread ration Welcome, Goblin1989 the Octopode Transmuter.
The bosom of this dungeon contains the fabled artefact, the Orb of Zot.
Press ? for a list of commands and other information.
Found a staircase leading out of the dungeon.
f - a sedimented orange potion As you open the door, it creaks loudly!
You hear a shout!
There is an open door here.
A bat comes into view.
Casting: Beastly Appendage
Confirm with . or Enter, or press ? or * to list all spells.
One of your tentacles grows a vicious spike.
The bat misses you. The bat hits you.
You take 1 damage, and have 12/13 hp.
You now have 2/3 mp.
The bat closely misses you. x2
A hobgoblin comes into view. It is wielding a club.
You barely miss the bat. Your grab misses the bat.
Your tentacle spike misses the bat.
The bat hits you. The bat barely misses you.
You take 1 damage, and have 11/13 hp.
You completely miss the bat. You grab the bat. Your squeeze misses the bat.
You constrict the bat, but do no damage.
The bat hits you but does no damage.
You tentacle-slap the bat.
The bat is severely wounded.
Your transformation is almost over.
You constrict the bat, but do no damage.
The bat hits you. The bat closely misses you.
You take 1 damage, and have 10/13 hp.
You release your grip on the bat.
The bat hits you but does no damage. The bat barely misses you.
The hobgoblin barely misses you.
You closely miss the hobgoblin. Your grab misses the hobgoblin.
The bat hits you.
You take 1 damage, and have 9/13 hp.
The bat hits you but does no damage.
You barely miss the hobgoblin. Your grab misses the hobgoblin.
The hobgoblin hits you with a club. The bat hits you.
* * * LOW HITPOINT WARNING * * *
You take 4 damage, and have 5/13 hp.
MASSIVE DAMAGE!!
You closely miss the hobgoblin. Your grab misses the hobgoblin.
Your tentacle spike misses the hobgoblin.
The bat hits you.
* * * LOW HITPOINT WARNING * * *
The hobgoblin misses you.
You take 1 damage, and have 4/13 hp.
You tentacle-slap the bat.
You kill the bat!
The hobgoblin barely misses you.
You closely miss the hobgoblin. Your grab misses the hobgoblin.
You tentacle-slap the hobgoblin.
The hobgoblin is lightly wounded.
The hobgoblin hits you with a club.
You die... ███████▲█

........██ .█
██...██ █
█.███.█.█.██ .█
██.█.██.██.██ █.█
███.███.███.██ █.█
██.█.██.████.████.█
..███.........∆g@██
███ ███.████..███.█
█ █.█ █.█.█ ██.█ █
██.█.██.█ █.█ █.█
█.█ .█ █.█ █.█ █
█.█ █.█ █. ..█ .
..▲


You could see a hobgoblin.

Vanquished Creatures
  A bat (D:1)
1 creature vanquished.

Notes
Turn   | Place    | Note
-------+----------+-------------------------------------------
     0 | D:1      | Goblin1989 the Octopode Transmuter began the quest for the Orb.
     0 | D:1      | Reached XP level 1. HP: 13/13 MP: 3/3
    38 | D:1      | Slain by a hobgoblin

Vault maps used:
D:1:      roderic_octagonal_star, minivault_25

Action                   || total
-------------------------++-------
Melee: Unarmed           ||     8
       Constrict         ||     1
       Punch             ||     1
 Cast: Beastly Appendage ||     1
Armor: Skin              ||     3
Dodge: Dodged            ||     9

Table legend:
 A = Spawn XP
 B = Non-spawn XP
 C = Spawn XP percentage of total XP
 D = Spawn monster count
 E = Non-spawn monster count
 F = Spawn count percentage of total count
 G = Total turns spent on level
                    A         B        C        D         E        F      G
               +---------+---------+-------+---------+---------+-------+---------
         Total |       0 |       2 |   0.0 |       0 |       1 |   0.0 |    38
               +---------+---------+-------+---------+---------+-------+---------
           D:1 |       0 |       2 |   0.0 |       0 |       1 |   0.0 |    38
               +---------+---------+-------+---------+---------+-------+---------

Vault maps used:
D:1:      roderic_octagonal_star, minivault_25
